 Dungeon Crawl Stone Soup version 0.18.1-6-gd335043 (webtiles) character file.

17 Gingerlord the Skirmisher (level 2, -1/24 HPs)
             Began as a Formicid Abyssal Knight on May 17, 2016.
             Was a Follower of Lugonu.
             Slain by a jackal (2 damage)
             ... on level 2 of the Dungeon.
             The game lasted 00:02:01 (885 turns).

Gingerlord the Skirmisher (Formicid Abyssal Knight)  Turns: 885, Time: 00:02:03

Health: -1/24      AC:  3    Str: 16    XL:     2   Next: 80%
Magic:  3/3        EV: 11    Int: 11    God:    Lugonu [*.....]
Gold:   21         SH:  0    Dex: 10    Spells: 0 memorised, 1 level left

rFire  . . .     SeeInvis +     a - +1 falchion
rCold  . . .     Gourm    .     b - +0 leather armour
rNeg   . . .     Faith    .     (no shield)
rPois  .         Spirit   .     (helmet unavailable)
rElec  .         Dismiss  .     (no cloak)
rCorr  +         Reflect  .     (no gloves)
SustAt .         Harm     .     (no boots)
MR     .....                    (no amulet)
Stlth  +.........               (no ring)
                                j - ring of resist corrosion

@: drained, not resistant to hostile enchantments, very unstealthy
A: permanent stasis, dig shafts and tunnels, four strong arms, antennae 3
a: Dig, Shaft Self, Depart the Abyss, Renounce Religion


You were on level 2 of the Dungeon.
You worshipped Lugonu.
Lugonu was aware of your devotion.
You were not hungry.

You visited 1 branch of the dungeon, and saw 2 of its levels.
You visited the Abyss 1 time.

You collected 21 gold pieces.

Inventory:

Hand Weapons
 a - a +1 falchion (weapon)
Armour
 b - a +0 leather armour (worn)
 k - a +0 large shield
Jewellery
 i - an uncursed amulet of harm
 j - a ring of resist corrosion (left hand)
Scrolls
 d - 4 scrolls of identify {unknown}
 l - a scroll of remove curse {unknown}
 n - a scroll of magic mapping {unknown}
 o - a scroll of teleportation {unknown}
Potions
 e - a potion of resistance {unknown}
 h - a potion of magic {unknown}
Comestibles
 c - a bread ration
 f - a meat ration
 g - 3 fruits
 m - a royal jelly


   Skills:
 + Level 3.6(2.5) Fighting
 + Level 2.1(1.1) Long Blades
 + Level 2.6(1.6) Armour
 + Level 1.1(0.2) Dodging
 + Level 0.0 Shields
 + Level 2.2(1.2) Invocations


You had one spell level left.
You didn't know any spells.

Dungeon Overview and Level Annotations

Branches:
Dungeon (2/15)

Altars:
Makhleb
Zin


Innate Abilities, Weirdness & Mutations

You are under a permanent stasis effect.
You can dig through walls and to a lower floor.
Your four strong arms can wield two-handed weapons with a shield.
You have a pair of large antennae on your head (SInv).


Message History

You hit the jackal.
You kill the jackal!
Lugonu accepts your kill.
The jackal bites you but does no damage.
You hit the worm.
The worm is moderately wounded.
The jackal bites you. The jackal misses you. The worm barely misses you.
You hit the worm but do no damage.
The worm is lightly wounded.
The jackal bites you but does no damage.
The jackal bites you.
You barely miss the worm.
The worm is lightly wounded.
The jackal barely misses you. The worm bites you. The jackal bites you.
You hit the worm.
The worm is moderately wounded.
The jackal misses you. The worm bites you!
* * * LOW HITPOINT WARNING * * *
The jackal bites you.
You die...

#.#### #.# # .. #.## #
.. ...## # # .##... #
#. ..#.?# # #. #.#..#
#### # #..#.#wh# #..
####..#.#@.# #.#
...........# ##.##
###.##.#######...######
#...................# #
#....#######...####.###
.....#### ##.## #....
##### #.#########
#......(... ###########


You could see a worm and a jackal.

Vanquished Creatures
  A dart slug (D:1)
  A giant gecko (D:1)
  A giant cockroach (D:1)
  A goblin (D:1)
  A jackal (D:2)
  3 bats (D:1)
  A giant newt (D:1)
  4 kobolds
  4 rats (D:1)
17 creatures vanquished.

Notes
Turn   | Place    | Note
--------------------------------------------------------------
     0 | Abyss:1  | Gingerlord the Formicid Abyssal Knight began the quest for the Orb.
     0 | Abyss:1  | Reached XP level 1. HP: 18/18 MP: 2/2
    64 | Abyss:1  | Noticed a starcursed mass
    64 | D:1      | Escaped the Abyss
    74 | D:1      | Reached skill level 1 in Dodging
   120 | D:1      | Reached XP level 2. HP: 13/24 MP: 3/3
   372 | D:1      | Reached * piety under Lugonu
   800 | D:2      | Found a burning altar of Makhleb.
   805 | D:2      | Found a glowing silver altar of Zin.
   806 | D:2      | Noticed a blizzard demon
   806 | D:2      | Noticed an angel
   885 | D:2      | HP: 1/24 [worm (10)]
   885 | D:2      | Slain by a jackal

Skill      XL: |  1 |
---------------+----+-----
Dodging        | 1 |  1.1
Fighting       | |  3.6
Long Blades    | |  2.1
Armour         | |  2.6
Invocations    | |  2.2

Action                   || total
-------------------------++-------
Melee: Falchion          ||    52
Invok: Depart the Abyss  ||     1
Armor: Leather armour    ||    17
Dodge: Dodged            ||    52
